| TOP OF THE 1ST |
|
Appleton Foxes batting - Pitching for Burlington Bees : RHP Steven Gibson
|
|
Pitching: RHP Steven Gibson
|
|
|
Batting: LHB Mike Woodard
|
0-0: Ball 1-0: Reached on error, E3 (Groundball, 34S, EV 83.8 MPH)
|
|
Batting: SHB Matt Gallegos
|
0-0: Ball 1-0: Called Strike 1-1: Ball 2-1: Ball 3-1: Base on Balls
|
|
Batting: RHB Chris Brown
|
0-0: Ball Mike Woodard steals 3rd base 1-0: Called Strike 1-1: Fly out, F8 (Flyball, 78M, EV 91.9 MPH) Runner from 3rd tags up, SCORES, no throw by CF
|
|
Batting: RHB Randy Asadoor
|
0-0: Ball Matt Gallegos is caught stealing 2nd base 2-4 1-0: Ball 2-0: Ball 3-0: Called Strike 3-1: Foul Ball, location: 2F 3-2: Foul Ball, location: 2F 3-2: Foul Ball, location: 2F 3-2: Foul Ball, location: 2F 3-2: Fly out, F9 (Line Drive, 9S, EV 96.3 MPH)
|
| Top of the 1st over - 1 run, 0 hits, 1 error, 0 left on base; Appleton 1 - Burlington 0 |
| BOTTOM OF THE 1ST |
|
Burlington Bees batting - Pitching for Appleton Foxes : RHP Rick Aguilera
|
|
Pitching: RHP Rick Aguilera
|
|
|
Batting: LHB Herm Winningham
|
0-0: Ball 1-0: Foul Ball, location: 2F 1-1: Foul Ball, location: 2F 1-2: Ground out 5-3 (Groundball, 56, EV 91.9 MPH)
|
|
Batting: LHB Benny Distefano
|
0-0: Called Strike 0-1: Ball 1-1: Called Strike 1-2: Strikes out swinging
|
|
Batting: RHB Steve Buechele
|
0-0: Called Strike 0-1: Fly out, F8 (Flyball, 8LD, EV 108.8 MPH)
|
| Bottom of the 1st over - 0 runs, 0 hits, 0 errors, 0 left on base; Appleton 1 - Burlington 0 |
| TOP OF THE 2ND |
|
Appleton Foxes batting - Pitching for Burlington Bees : RHP Steven Gibson
|
|
Batting: RHB Victor Mata
|
0-0: Ground out 6-3 (Groundball, 4MS, EV 90.0 MPH)
|
|
Batting: LHB John Csefalvay
|
0-0: Fly out, F8 (Flyball, 8LXD, EV 93.1 MPH)
|
|
Batting: RHB Howard Lopes
|
0-0: Foul Ball, location: 2F 0-1: Swinging Strike 0-2: Fly out, F8 (Line Drive, 8RD, EV 91.9 MPH)
|
| Top of the 2nd over - 0 runs, 0 hits, 0 errors, 0 left on base; Appleton 1 - Burlington 0 |
| BOTTOM OF THE 2ND |
|
Burlington Bees batting - Pitching for Appleton Foxes : RHP Rick Aguilera
|
|
Batting: RHB Javier Ortiz
|
0-0: Foul Ball, location: 2F 0-1: Ball 1-1: Swinging Strike 1-2: Foul Ball, location: 2F 1-2: Foul Ball, location: 2F 1-2: Ground out 4-3 (Groundball, 13, EV 93.8 MPH)
|
|
Batting: LHB Clay Smith
|
0-0: Ball 1-0: Ball 2-0: Ball 3-0: Called Strike 3-1: SINGLE (Line Drive, 78M, EV 87.5 MPH)
|
|
Batting: RHB Kenneth Patterson
|
0-0: Called Strike 0-1: Ball 1-1: Fielders Choice at 2nd, 3-6 (Groundball, 34S, EV 85.0 MPH)
|
|
Batting: RHB Nick Hernandez
|
0-0: Ball 1-0: Ball 2-0: Called Strike 2-1: TRIPLE (Flyball, 78XD, EV 96.3 MPH) Kenneth Patterson scores
|
|
Batting: RHB Mike Morse
|
0-0: Called Strike 0-1: Foul Ball, location: 2F 0-2: Ball 1-2: Ball 2-2: Strikes out swinging
|
| Bottom of the 2nd over - 1 run, 2 hits, 0 errors, 1 left on base; Appleton 1 - Burlington 1 |
| TOP OF THE 3RD |
|
Appleton Foxes batting - Pitching for Burlington Bees : RHP Steven Gibson
|
|
Batting: RHB Mike Nipper
|
0-0: Ball 1-0: Ball 2-0: Called Strike 2-1: Swinging Strike 2-2: Ball 3-2: Strikes out swinging
|
|
Batting: RHB Philip Sutton
|
0-0: Ball 1-0: Called Strike 1-1: Foul Ball, location: 2F 1-2: Ball 2-2: SINGLE (Groundball, 4MD, EV 95.0 MPH)
|
|
Batting: LHB Mike Woodard
|
0-0: Called Strike 0-1: Ball 1-1: Ball 2-1: SINGLE (Flyball, 4D, EV 91.9 MPH) Philip Sutton to second
|
|
Batting: SHB Matt Gallegos
|
0-0: Ball 1-0: Called Strike 1-1: Ball 2-1: Foul Ball, location: 2F 2-2: Foul Ball, location: 2F 2-2: Foul Ball, location: 2F 2-2: DOUBLE (Line Drive, 89D, EV 101.3 MPH) Philip Sutton scores Mike Woodard to third Runner from 3rd tries for Home, SAFE, throw by CF to trailing runner, SAFE at third!
|
|
Batting: RHB Chris Brown
|
0-0: Swinging Strike 0-1: Ball 1-1: Fly out, F7 (Flyball, 78XD, EV 99.4 MPH) Runner from 3rd tags up, SCORES, no throw by LF
|
|
Batting: RHB Randy Asadoor
|
0-0: Ball 1-0: Foul Ball, location: 2F 1-1: Ground out 5-3 (Groundball, 5, EV 76.3 MPH)
|
| Top of the 3rd over - 3 runs, 3 hits, 0 errors, 0 left on base; Appleton 4 - Burlington 1 |
| BOTTOM OF THE 3RD |
|
Burlington Bees batting - Pitching for Appleton Foxes : RHP Rick Aguilera
|
|
Batting: RHB Bob Hicks
|
0-0: Ball 1-0: DOUBLE (Line Drive, 9LS, EV 91.3 MPH)
|
|
Batting: LHB Herm Winningham
|
0-0: Fly out, F7 (Flyball, 7LS, EV 79.4 MPH)
|
|
Batting: LHB Benny Distefano
|
0-0: Ball 1-0: Foul Ball, location: 2F 1-1: Called Strike 1-2: Ball 2-2: Strikes out looking
|
|
Batting: RHB Steve Buechele
|
0-0: Swinging Strike 0-1: Foul Ball, location: 2F 0-2: Ball 1-2: SINGLE (Line Drive, 34D, EV 99.4 MPH) Bob Hicks to third Runner from 3rd tries for Home, SAFE, throw by RF to home
|
|
Batting: RHB Javier Ortiz
|
0-0: Called Strike 0-1: Called Strike 0-2: SINGLE (Groundball, 34D, EV 97.5 MPH) Steve Buechele to second Runner from 2nd tries for 3rd, OUT! 9-5
|
| Bottom of the 3rd over - 1 run, 3 hits, 0 errors, 1 left on base; Appleton 4 - Burlington 2 |
| TOP OF THE 4TH |
|
Appleton Foxes batting - Pitching for Burlington Bees : RHP Steven Gibson
|
|
Batting: RHB Victor Mata
|
0-0: Ball 1-0: Foul Ball, location: 2F 1-1: Called Strike 1-2: Ground out 3-1 (Groundball, 34, EV 99.4 MPH)
|
|
Batting: LHB John Csefalvay
|
0-0: Ball 1-0: Ground out 6-3 (Groundball, 6, EV 80.0 MPH)
|
|
Batting: RHB Howard Lopes
|
0-0: Called Strike 0-1: Ball 1-1: Ball 2-1: Ball 3-1: Base on Balls
|
|
Batting: RHB Mike Nipper
|
0-0: Ball 1-0: Called Strike 1-1: Called Strike 1-2: Fly out, F3 (Popup, 3F, EV 80.0 MPH)
|
| Top of the 4th over - 0 runs, 0 hits, 0 errors, 1 left on base; Appleton 4 - Burlington 2 |
| BOTTOM OF THE 4TH |
|
Burlington Bees batting - Pitching for Appleton Foxes : RHP Rick Aguilera
|
|
Batting: LHB Clay Smith
|
0-0: Ball 1-0: Called Strike 1-1: Called Strike 1-2: Foul Ball, location: 2F 1-2: Reached on error, E4 (Groundball, 4, EV 95.0 MPH)
|
|
Batting: RHB Kenneth Patterson
|
0-0: Ball 1-0: Ball 2-0: Called Strike 2-1: Ground out 6-3 (Groundball, 6, EV 99.4 MPH)
|
|
Batting: RHB Nick Hernandez
|
0-0: Ball 1-0: Ball 2-0: Ball 3-0: Called Strike 3-1: Base on Balls
|
|
Batting: RHB Mike Morse
|
0-0: Foul Ball, location: 2F 0-1: Foul Ball, location: 2F 0-2: Ball 1-2: Foul Ball, location: 2F 1-2: Ball 2-2: Foul Ball, location: 2F 2-2: Strikes out swinging
|
|
Batting: RHB Bob Hicks
|
0-0: Ball 1-0: Ball 2-0: DOUBLE (Flyball, 78XD, EV 105.0 MPH) Clay Smith scores Nick Hernandez to third Runner from 3rd tries for Home, SAFE, throw by CF to home
|
|
Batting: LHB Herm Winningham
|
0-0: Called Strike 0-1: Ball 1-1: Ball 2-1: SINGLE (Groundball, 6MD, EV 103.1 MPH) Bob Hicks to third Runner from 3rd tries for Home, SAFE, throw by CF to home Herm Winningham to second
|
|
Pitching: RHP John McGuckin
|
|
|
Batting: LHB Benny Distefano
|
0-0: Ball 1-0: Ball 2-0: Ball 3-0: Base on Balls
|
|
Batting: RHB Steve Buechele
|
0-0: Swinging Strike 0-1: Ball Wild Pitch! Herm Winningham to third Benny Distefano to second 1-1: Ball 2-1: Ball 3-1: Base on Balls
|
|
Batting: RHB Javier Ortiz
|
0-0: Foul Ball, location: 2F 0-1: Ball 1-1: Fly out, F6 (Flyball, 6D, EV 83.1 MPH)
|
| Bottom of the 4th over - 3 runs, 2 hits, 1 error, 3 left on base; Appleton 4 - Burlington 5 |
| TOP OF THE 5TH |
|
Appleton Foxes batting - Pitching for Burlington Bees : RHP Steven Gibson
|
|
Batting: RHB Philip Sutton
|
0-0: Called Strike 0-1: Ball 1-1: Ball 2-1: DOUBLE (Line Drive, 89M, EV 105.6 MPH)
|
|
Batting: LHB Mike Woodard
|
0-0: Ball 1-0: Called Strike 1-1: Ball 2-1: Fly out, F9 (Flyball, 9S, EV 87.5 MPH)
|
|
Batting: SHB Matt Gallegos
|
0-0: Foul Ball, location: 2F 0-1: Ball Wild Pitch! Philip Sutton to third 1-1: Ball 2-1: Ball 3-1: Foul Ball, location: 2F 3-2: Fly out, F8 (Flyball, 8RD, EV 82.5 MPH) Runner from 3rd tags up, SCORES, no throw by CF
|
|
Batting: RHB Chris Brown
|
0-0: Ball 1-0: Fly out, F9 (Flyball, 9LS, EV 91.3 MPH)
|
| Top of the 5th over - 1 run, 1 hit, 0 errors, 0 left on base; Appleton 5 - Burlington 5 |
| BOTTOM OF THE 5TH |
|
Burlington Bees batting - Pitching for Appleton Foxes : RHP John McGuckin
|
|
Batting: LHB Clay Smith
|
0-0: Ball 1-0: Foul Ball, location: 2F 1-1: Called Strike 1-2: Ball 2-2: Ball 3-2: Foul Ball, location: 2F 3-2: Foul Ball, location: 2F 3-2: Foul Ball, location: 2F 3-2: Foul Ball, location: 2F 3-2: SOLO HOME RUN (Flyball, 9D, EV 110.6 MPH), Distance : 366 ft
|
|
Batting: RHB Kenneth Patterson
|
0-0: Foul Ball, location: 2F 0-1: Foul Ball, location: 2F 0-2: Foul Ball, location: 2F 0-2: Foul Ball, location: 2F 0-2: Fly out, F8 (Flyball, 8LD, EV 103.1 MPH)
|
|
Batting: RHB Nick Hernandez
|
0-0: Called Strike 0-1: Foul Ball, location: 2F 0-2: Ball 1-2: Fly out, F7 (Flyball, 78M, EV 83.8 MPH)
|
|
Batting: RHB Mike Morse
|
0-0: Ball 1-0: Ball 2-0: Called Strike 2-1: Ground out 1-3 (Groundball, 15S, EV 75.6 MPH)
|
| Bottom of the 5th over - 1 run, 1 hit, 0 errors, 0 left on base; Appleton 5 - Burlington 6 |
| TOP OF THE 6TH |
|
Appleton Foxes batting - Pitching for Burlington Bees : RHP Steven Gibson
|
|
Batting: RHB Randy Asadoor
|
0-0: Called Strike 0-1: Ball 1-1: Ball 2-1: Ground out 6-3 (Groundball, 6, EV 87.5 MPH)
|
|
Batting: RHB Victor Mata
|
0-0: Called Strike 0-1: Ground out 6-3 (Groundball, 6, EV 80.0 MPH)
|
|
Batting: LHB John Csefalvay
|
0-0: Ball 1-0: Called Strike 1-1: Ball 2-1: Called Strike 2-2: Fly out, F7 (Line Drive, 7, EV 95.0 MPH)
|
| Top of the 6th over - 0 runs, 0 hits, 0 errors, 0 left on base; Appleton 5 - Burlington 6 |
| BOTTOM OF THE 6TH |
|
Burlington Bees batting - Pitching for Appleton Foxes : RHP John McGuckin
|
|
Batting: RHB Bob Hicks
|
0-0: Foul Ball, location: 2F 0-1: Ground out 6-3 (Groundball, 6D, EV 102.5 MPH)
|
|
Batting: LHB Herm Winningham
|
0-0: Ball 1-0: Ball 2-0: Ball 3-0: Called Strike 3-1: SOLO HOME RUN (Line Drive, 9LD, EV 105.6 MPH), Distance : 365 ft
|
|
Batting: LHB Benny Distefano
|
0-0: Ball 1-0: Ball 2-0: Ball 3-0: Base on Balls
|
|
Pitching: RHP Steve Mapel
|
|
|
Batting: RHB Steve Buechele
|
0-0: Ball 1-0: Called Strike 1-1: Ball 2-1: Ball 3-1: Swinging Strike 3-2: Fly out, F3 (Popup, 3SF, EV 90.6 MPH)
|
|
Batting: RHB Javier Ortiz
|
0-0: Called Strike 0-1: Ground out 5-3 (Groundball, 56S, EV 92.5 MPH)
|
| Bottom of the 6th over - 1 run, 1 hit, 0 errors, 1 left on base; Appleton 5 - Burlington 7 |
| TOP OF THE 7TH |
|
Appleton Foxes batting - Pitching for Burlington Bees : RHP Steven Gibson
|
|
Batting: RHB Howard Lopes
|
0-0: Ball 1-0: Ball 2-0: Ball 3-0: Called Strike 3-1: Called Strike 3-2: Fly out, F4 (Popup, 34S, EV 65.0 MPH)
|
|
Batting: RHB Mike Nipper
|
0-0: Ball 1-0: Fly out, F8 (Line Drive, 8LD, EV 95.0 MPH)
|
|
Batting: RHB Philip Sutton
|
0-0: Ball 1-0: Swinging Strike 1-1: Ball 2-1: Ball 3-1: Foul Ball, location: 2F 3-2: SINGLE (Line Drive, 34D, EV 103.1 MPH)
|
|
Batting: LHB Mike Woodard
|
0-0: Ball 1-0: Ball 2-0: Ball 3-0: Base on Balls Philip Sutton to second
|
|
Batting: SHB Matt Gallegos
|
0-0: Swinging Strike 0-1: Called Strike 0-2: Ball 1-2: Ball 2-2: Ball 3-2: Foul Ball, location: 2F 3-2: Base on Balls Philip Sutton to third Mike Woodard to second
|
|
Batting: RHB Chris Brown
|
0-0: Called Strike 0-1: Fly out, F9 (Flyball, 89M, EV 81.3 MPH)
|
| Top of the 7th over - 0 runs, 1 hit, 0 errors, 3 left on base; Appleton 5 - Burlington 7 |
| BOTTOM OF THE 7TH |
|
Burlington Bees batting - Pitching for Appleton Foxes : RHP Steve Mapel
|
|
Batting: LHB Clay Smith
|
0-0: Swinging Strike 0-1: SOLO HOME RUN (Line Drive, 89XD, EV 106.9 MPH), Distance : 396 ft
|
|
Batting: RHB Kenneth Patterson
|
0-0: Ball 1-0: Hit by Pitch
|
|
Batting: RHB Nick Hernandez
|
0-0: Ball 1-0: Called Strike 1-1: Ball 2-1: Called Strike 2-2: Fly out, F9 (Flyball, 89M, EV 90.0 MPH)
|
|
Batting: RHB Mike Morse
|
0-0: Swinging Strike 0-1: Ball 1-1: Swinging Strike 1-2: Ball Kenneth Patterson is caught stealing 2nd base 2-4 2-2: Foul Ball, location: 2F 2-2: Strikes out looking
|
| Bottom of the 7th over - 1 run, 1 hit, 0 errors, 0 left on base; Appleton 5 - Burlington 8 |
| TOP OF THE 8TH |
|
Appleton Foxes batting - Pitching for Burlington Bees : RHP Steven Gibson
|
|
Batting: RHB Randy Asadoor
|
0-0: Called Strike 0-1: Swinging Strike 0-2: Ball 1-2: DOUBLE (Flyball, 89XD, EV 101.3 MPH)
|
|
Batting: RHB Victor Mata
|
0-0: Ball 1-0: Called Strike 1-1: Fly out, F8 (Flyball, 8RD, EV 90.6 MPH) Runner from 2nd tags up, SAFE at 3rd with throw by CF
|
|
Batting: LHB John Csefalvay
|
0-0: Ball 1-0: Called Strike 1-1: Ball 2-1: Foul Ball, location: 2F 2-2: Foul Ball, location: 2F 2-2: Fly out, F8 (Line Drive, 8RD, EV 95.0 MPH) Runner from 3rd tags up, SCORES, no throw by CF
|
|
Batting: RHB Howard Lopes
|
0-0: Fly out, F8 (Flyball, 89S, EV 93.8 MPH)
|
| Top of the 8th over - 1 run, 1 hit, 0 errors, 0 left on base; Appleton 6 - Burlington 8 |
| BOTTOM OF THE 8TH |
|
Burlington Bees batting - Pitching for Appleton Foxes : RHP Steve Mapel
|
|
Batting: RHB Bob Hicks
|
0-0: Ball 1-0: Ground out 4-3 (Groundball, 34, EV 107.5 MPH)
|
|
Batting: LHB Herm Winningham
|
0-0: Ball 1-0: Ball 2-0: Ball 3-0: Base on Balls
|
|
Batting: LHB Benny Distefano
|
0-0: Called Strike 0-1: Called Strike Herm Winningham steals 2nd base 0-2: Ball 1-2: Foul Ball, location: 2F 1-2: Fly out, F7 (Flyball, 7LS, EV 79.4 MPH)
|
|
Batting: RHB Steve Buechele
|
0-0: Called Strike 0-1: Fly out, F7 (Flyball, 78D, EV 80.6 MPH)
|
| Bottom of the 8th over - 0 runs, 0 hits, 0 errors, 1 left on base; Appleton 6 - Burlington 8 |
| TOP OF THE 9TH |
|
Appleton Foxes batting - Pitching for Burlington Bees : RHP Steven Gibson
|
|
Pitching: RHP Roland Dickerson
|
|
|
Batting: RHB Mike Nipper
|
0-0: Called Strike 0-1: Ball 1-1: Foul Ball, location: 2F 1-2: Ball 2-2: Ball 3-2: Strikes out looking
|
|
Batting: RHB Philip Sutton
|
0-0: Ball 1-0: Ball 2-0: SINGLE (Groundball, 34D, EV 94.4 MPH)
|
|
Batting: LHB Mike Woodard
|
0-0: Swinging Strike 0-1: Ball 1-1: Ball 2-1: Ball 3-1: Swinging Strike 3-2: Foul Ball, location: 2F 3-2: Foul Ball, location: 2F 3-2: Fly out, F8 (Flyball, 8LD, EV 84.4 MPH)
|
|
Batting: SHB Matt Gallegos
|
0-0: Called Strike 0-1: Ball 1-1: Fly out, F5 (Popup, 56S, EV 78.8 MPH)
|
| Top of the 9th over - 0 runs, 1 hit, 0 errors, 1 left on base; Appleton 6 - Burlington 8 |
|